 Dungeon Crawl Stone Soup version 0.31-a0-819-gf6de2f5ab6 (webtiles) character file.

Game seed: 18273091895886556803

89777 qw the Marksgargoyle (level 15, -1/100 HPs)
             Began as a Gargoyle Hunter on Sept 23, 2023.
             Was a High Priest of Okawaru.
             Slain by a two-headed ogre
             ... wielding a +0 giant spiked club
              (8 damage)
             ... on level 2 of the Orcish Mines.
             The game lasted 00:10:00 (19719 turns).

qw the Marksgargoyle (Gargoyle Hunter)             Turns: 19719, Time: 00:10:01

Health: -1/100     AC: 19    Str: 14    XL:     15   Next: 98%
Magic:  22/22      EV: 16    Int: 16    God:    Okawaru [*****.]
Gold:   1885       SH:  0    Dex: 19    Spells: 14/14 levels left

rFire   + + +        y - +9 triple crossbow (drain)
rCold   + . .        (shield currently unavailable)
rNeg    + + .        w - +0 troll leather armour
rPois   inf          k - +0 helmet
rElec   +            i - scarf of Okawaru's Hope {repulsion, rElec rF+++ Int+4 Stlth-}
rCorr   .            u - +0 pair of gloves
SInv    .            d - +0 pair of boots
Will    +....        q - amulet of faith
Stlth   +            v - ring of positive energy
HPRegen 1.16/turn    r - ring of protection from cold
MPRegen 0.18/turn

%: repel missiles, faith
@: about to teleport, marked, flying
A: sickness immunity, AC +11, big wings, negative energy resistance 1,
electricity resistance, torment resistance 1, petrification resistance
a: Renounce Religion, Heroism, Finesse, Duel


You were on level 2 of the Orcish Mines.
You worshipped Okawaru.
Okawaru was extremely pleased with you.
You visited 4 branches of the dungeon, and saw 23 of its levels.

You collected 2048 gold pieces.
You spent 163 gold pieces at shops.


Innate Abilities, Weirdness & Mutations

You are immune to sickness and miasma.
Your stone body is resilient. (AC +11)
You are immune to poison.
Your large and strong wings let you fly.
You resist negative energy. (rN+)
You are resistant to electric shocks. (rElec)
You are resistant to unholy torment.
You are immune to petrification.


   Skills:
 - Level 14.0 Fighting
 + Level 20.6 Ranged Weapons
 - Level 7.0 Armour
 - Level 8.0 Dodging
 - Level 1.1 Stealth
 - Level 10.0 Invocations


You had 14 spell levels left.
You didn't know any spells.
Your spell library was empty.

Inventory:

Hand Weapons
 y - a +9 triple crossbow of draining (weapon)
Armour
 d - a +0 pair of boots (worn)
 i - the scarf of Okawaru's Hope (worn) {repulsion, rElec rF+++ Int+4 Stlth-}
   (Okawaru gifted it to you on level 15 of the Dungeon)

   Int+4:     It affects your intelligence (+4).
   rF+++:     It renders you almost immune to fire.
   rElec:     It insulates you from electricity.
   Stlth-:    It makes you less stealthy.
 k - a +0 helmet (worn)
 u - a +0 pair of gloves (worn)
 w - a +0 troll leather armour (worn)
 x - a +0 cloak
Jewellery
 l - a ring of protection from fire
 m - a ring of protection from fire
 q - an amulet of faith (around neck)
 r - a ring of protection from cold (right hand)
 t - an amulet of reflection
 v - a ring of positive energy (left hand)
Scrolls
 g - 11 scrolls of identify
 o - 4 scrolls of teleportation
Potions
 a - 5 potions of enlightenment
 b - 3 potions of mutation
 c - a potion of resistance
 e - 5 potions of curing
 h - a potion of might
 j - 4 potions of haste
 n - a potion of magic

Dungeon Overview and Level Annotations

Branches:
Dungeon (15/15)            Temple (1/1) D:4            Lair (5/5) D:8
  Swamp (0/4) Lair:3        Snake (0/4) Lair:2        Slime (0/5) Lair:5
    Orc (2/2) D:12            Elf (0/3) Orc:2        Vaults (0/5) D:13
 Depths (0/4) D:15

Altars:
Ashenzari
Cheibriados
Dithmenos
Elyvilon
Fedhas
Gozag
Hepliaklqana
Kikubaaqudgha
Makhleb
Nemelex Xobeh
Okawaru
Qazlal
Ru
Sif Muna
Trog
Uskayaw
Vehumet
Wu Jian
Xom
Yredelemnul
Zin
The Shining One
Jiyva

Shops:
D:1 *=!*   D:6 [   D:10 (   D:12 (   Orc:2 [[[(

Annotations:
D:5 2 transporters, 1 runed translucent door, Crazy Yiuf; qw's ghost, novice GrHu
D:11 2 transporters, qw's ghost, journeyman GrHu
Lair:5 2 runed translucent doors


Message History

Enter note: You shoot a bolt.
The bolt hits the two-headed ogre!!!
You kill the two-headed ogre!
Okawaru accepts your kill.
The ogre hits you with a +0 giant spiked club!!
The ogre hits you with a +0 giant club. The ogre barely misses you.
The two-headed ogre hits you with a +0 giant club.
The two-headed ogre hits you but does no damage.
19715 |||
Found retreat position at 6,-3 (floor) with 0 blocking monsters and 4 monsters attacking at destination at distance 6
19715 ||| Stepping ~*~*~tactically~*~*~ (retreating).
The ogre mage points at the ogre and mumbles some strange words.
The ogre seems to speed up.
The ogre attacks as it pursues you! The ogre completely misses you.
19716 |||
Found retreat position at -3,2 (floor) with 1 blocking monsters and 4 monsters attacking at destination at distance 3 You shoot a bolt.
The bolt hits the two-headed ogre!!!
You drain the two-headed ogre.
The two-headed ogre is almost dead.
The ogre barely misses you.
The two-headed ogre hits you with a +0 giant club.
The two-headed ogre closely misses you. The ogre hits you with a +0 giant club!
19717 ||| READING 5 scrolls of teleportation.
As you read the scroll of teleportation, it crumbles to dust.
You feel strangely unstable.
The ogre hits you with a +0 giant spiked club.
The ogre mage casts a spell at the ogre.
The ogre seems to speed up.
The ogre mage hits you from afar with a +0 spear!
The two-headed ogre misses you. x2; The ogre misses you.
You shoot a bolt. The bolt hits the two-headed ogre!!
You kill the two-headed ogre!
Okawaru accepts your kill.
The two-headed ogre barely misses you. x2; The ogre mage barely misses you.
The ogre barely misses you. The ogre closely misses you. x2
You shoot a bolt. The bolt hits the two-headed ogre!!
You drain the two-headed ogre!
The two-headed ogre is almost dead.
You feel like a meek peon again.
The ogre hits you with a +0 giant spiked club!
The two-headed ogre hits you with a +0 giant spiked club!
You die...

############# ##
##.#.##.#..#.##.##
#.................
###..).#....#......
####O@O).#...........#
##.#.OOO)...)).........
#####...#OOO..#...#........
##.##...#..OOOO...#.........
##......)O..OO...............
#...#....O..O.........#......
##.....)...O.................
#
##......O...........#........
##
#...#...................%....


You could see 3 two-headed ogres, 3 ogre magi and 13 ogres.

Vanquished Creatures
  Gastronok (D:12)
  An ironbound thunderhulk (D:13)
  Josephine (Lair:5)
  A vault guard (D:13)
  6 hydras
  Erolcha (D:13)
  2 rakshasas (D:15)
  An ogre mage (D:15)
  3 centaur warriors
  A ghost crab (Lair:3)
  4 boulder beetles
  15 two-headed ogres
  A death knight (D:15)
  5 death yaks (Lair:5)
  An orc high priest (Orc:1)
  Nergalle (D:10)
  A fire crab (Lair:5)
  A spectral death yak (Lair:3)
  A skyshark (Lair:4)
  Amaemon (D:9)
  A glowing orange brain (D:15)
  A spectral hydra (Lair:3)
  A lindwurm (Lair:5)
  A wizard (D:15)
  Pikel (D:7)
  4 orc knights
  A harpy (shapeshifter) (D:15)
  A necromancer (Lair:3)
  2 deep elf pyromancers (D:15)
  4 cyclopes
  16 ugly things
  2 phantasmal warriors (D:15)
  2 oklob plants (Lair:5)
  A salamander (shapeshifter) (D:13)
  A wolf spider (D:14)
  3 manticores
  4 elephants (Lair:3)
  Joseph (D:9)
  A guardian serpent (Lair:2)
  A black mamba (shapeshifter) (D:13)
  3 molten gargoyles (Lair:5)
  3 black mambas
  Maurice (D:12)
  A gargoyle (D:11)
  An orange demon (D:9)
  2 kobold demonologists
  10 cane toads
  3 rime drakes
  12 komodo dragons
  2 freezing wraiths (D:15)
  An efreet (D:13)
  A tengu conjurer (D:13)
  5 trolls
  2 polar bears
  A wolf spider simulacrum (D:14)
  A queen bee (D:11)
  13 blink frogs
  2 hornets
  Prince Ribbit (D:9)
  A jumping spider (shapeshifter) (D:13)
  6 spriggans (Lair:1)
  2 shadows
  12 slime creatures
  Eustachio (D:5)
  A vampire (D:7)
  A human (D:13)
  39 yaks
  2 wyverns
  4 water elementals
  A spectral komodo dragon (Lair:3)
  7 wraiths
  A steam dragon (Lair:5)
  A spectral cane toad (Lair:3)
  A redback (D:14)
  5 vampire mosquitoes
  7 basilisks
  A warg (Orc:2)
  3 acid dragons
  Duvessa (D:6)
  4 hell hounds (Lair:5)
  13 water moccasins
  18 orc warriors
  A sky beast (D:8)
  3 ice beasts
  14 ogres
  12 centaurs
  3 wolves
  A phantom (D:5)
  A lemure (D:7)
  3 kobold brigands
  14 bullfrogs
  5 gnoll sergeants
  2 scorpions
  Dowan (D:6)
  8 wights
  26 killer bees
  5 howler monkeys
  5 lava snakes (Lair:5)
  10 hounds
  9 orc priests
  A jelly (D:5)
  A sleepcap (D:8)
  3 gnoll boudas
  2 iguanas
  10 orc wizards
  4 yak simulacra (Lair:3)
  2 polar bear simulacra (Lair:3)
  2 wolf simulacra (Lair:3)
  25 gnolls
  10 adders
  A shadow imp (D:7)
  A white imp (D:7)
  5 worms
  3 dart slugs
  70 orcs
  9 endoplasms
  5 giant cockroaches (D:1)
  11 goblins
  7 hobgoblins
  5 jackals
  2 quokkas
  8 ball pythons
  4 bats
  3 frilled lizards
  19 kobolds
  11 rats
  3 river rat simulacra (Lair:3)
645 creatures vanquished.

Notes
Turn   | Place    | Note
-------+----------+-------------------------------------------
     0 | D:1      | qw the Gargoyle Hunter began the quest for the Orb.
     0 | D:1      | Reached XP level 1. HP: 12/12 MP: 1/1
     0 | D:1      | 0 ||| qw: Version: 0.3-a-83-gcd0e7d8
     0 | D:1      | 0 ||| qw: Game counter: 1707
     0 | D:1      | 0 ||| qw: Melee chars always use a shield: true
     0 | D:1      | 0 ||| qw: God list: Okawaru
     0 | D:1      | 0 ||| qw: Allow faded altars: false
     0 | D:1      | 0 ||| qw: Do Orc after clearing Dungeon:15 true
     0 | D:1      | 0 ||| qw: Do second Lair branch before Depths: true
     0 | D:1      | 0 ||| qw: Lair rune preference: random
     0 | D:1      | 0 ||| qw: Goals: Normal
     0 | D:1      | 0 ||| PLANNING D:1-11
    62 | D:1      | Found Geguthau's Assorted Antiques.
    86 | D:1      | 86 ||| SHOPLISTING bubbling pink potion (27 gold, have 0).
    86 | D:1      | 86 ||| SHOPLISTING dented pearl amulet (155 gold, have 0).
    86 | D:1      | 86 ||| SHOPLISTING fluorescent wand (124 gold, have 0).
    86 | D:1      | 86 ||| SHOPLISTING pair of boots (139 gold, have 0).
    86 | D:1      | 86 ||| SHOPLISTING scroll labelled KUHOIFF VOEQ (31 gold,
                  | have 0).
    86 | D:1      | 86 ||| SHOPLISTING scroll labelled MABEUCW NYSURUCS (31
                  | gold, have 0).
    86 | D:1      | 86 ||| SHOPLISTING scroll labelled MIUZUS RIUWU (31 gold,
                  | have 0).
   119 | D:1      | Reached XP level 2. HP: 17/17 MP: 2/2
   120 | D:1      | Found Iggoum's Distillery.
   128 | D:1      | 128 ||| SHOPLISTING 2 potions of curing (66 gold, have 14).
   128 | D:1      | 128 ||| SHOPLISTING 2 potions of mutation (176 gold, have
                  | 14).
   128 | D:1      | 128 ||| SHOPLISTING potion of curing (33 gold, have 14).
   128 | D:1      | 128 ||| SHOPLISTING potion of haste (110 gold, have 14).
   128 | D:1      | 128 ||| SHOPLISTING potion of heal wounds (55 gold, have
                  | 14).
   128 | D:1      | 128 ||| SHOPLISTING potion of mutation (88 gold, have 14).
   406 | D:1      | Found Pikel's Jewellery Boutique.
   411 | D:1      | 411 ||| SHOPLISTING +6 ring of dexterity (432 gold, have
                  | 32).
   411 | D:1      | 411 ||| SHOPLISTING amulet of faith (480 gold, have 32).
   411 | D:1      | 411 ||| SHOPLISTING amulet of reflection (360 gold, have
                  | 32).
   411 | D:1      | 411 ||| SHOPLISTING amulet of regeneration (360 gold, have
                  | 32).
   411 | D:1      | 411 ||| SHOPLISTING amulet of the acrobat (360 gold, have
                  | 32).
   411 | D:1      | 411 ||| SHOPLISTING ring of see invisible (180 gold, have
                  | 32).
   466 | D:1      | Found Ofikoar's Assorted Antiques.
   476 | D:1      | 476 ||| SHOPLISTING glowing orcbow (130 gold, have 32).
   476 | D:1      | 476 ||| SHOPLISTING jewelled ring mail (180 gold, have 32).
   476 | D:1      | 476 ||| BUYING murky coppery potion (18 gold).
   476 | D:1      | Bought a murky coppery potion for 18 gold pieces
   476 | D:1      | 476 ||| SHOPLISTING ring mail (80 gold, have 14).
   476 | D:1      | 476 ||| SHOPLISTING scroll labelled PYEMMO JUDEUS (20 gold,
                  | have 14).
   476 | D:1      | 476 ||| SHOPLISTING scroll labelled QUGHYCOOKI (20 gold,
                  | have 14).
   705 | D:1      | 705 ||| UPGRADING to +0 ring mail.
   715 | D:1      | 715 ||| DROPPING +0 leather armour.
   716 | D:1      | 716 ||| READING scroll labelled KUHOIFF VOEQ.
   717 | D:1      | 717 ||| READING 3 scrolls labelled MABEUCW NYSURUCS.
   718 | D:1      | 718 ||| READING scroll labelled MIUZUS RIUWU.
   719 | D:1      | 719 ||| DRINKING 2 fizzy white potions.
   720 | D:1      | 720 ||| READING 2 scrolls of identify.
   720 | D:1      | 720 ||| IDENTIFYING fuming red potion
   721 | D:1      | 721 ||| DROPPING scroll of butterflies.
   722 | D:1      | 722 ||| DROPPING potion of brilliance.
   765 | D:2      | Reached XP level 3. HP: 21/21 MP: 3/3
   816 | D:2      | Reached skill level 1 in Armour
   816 | D:2      | 816 ||| FLEEEEING.
   823 | D:2      | 823 ||| STAIRDANCE
   838 | D:1      | 838 ||| DROPPING +6 ring of intelligence.
   839 | D:1      | 839 ||| READING scroll labelled CIQUCZ EDDECEU.
   972 | D:2      | Reached skill level 5 in Ranged Weapons
  1123 | D:2      | Reached XP level 4. HP: 25/27 MP: 4/4
  1132 | D:2      | Reached skill level 3 in Fighting
  1182 | D:2      | Found a faded altar of an unknown god.
  1264 | D:2      | 1264 ||| READING scroll labelled QUGHYCOOKI.
  1265 | D:2      | 1265 ||| READING 3 scrolls of identify.
  1265 | D:2      | 1265 ||| IDENTIFYING bubbling brown potion
  1266 | D:2      | 1266 ||| READING 2 scrolls of identify.
  1266 | D:2      | 1266 ||| IDENTIFYING white potion
  1348 | D:3      | Found a shimmering altar of Xom.
  1479 | D:3      | 1479 ||| Stepping ~*~*~tactically~*~*~ (retreating).
  1480 | D:3      | 1480 ||| Stepping ~*~*~tactically~*~*~ (retreating).
  2111 | D:3      | 2111 ||| UPGRADING to +0 pair of boots.
  2116 | D:3      | 2116 ||| READING 3 scrolls of identify.
  2116 | D:3      | 2116 ||| IDENTIFYING brown potion
  2117 | D:3      | 2117 ||| READING 2 scrolls of identify.
  2117 | D:3      | 2117 ||| IDENTIFYING bubbling purple potion
  2118 | D:3      | 2118 ||| DROPPING potion of degeneration.
  2143 | D:4      | Reached XP level 5. HP: 32/32 MP: 5/5
  2312 | D:4      | Reached skill level 6 in Ranged Weapons
  2624 | D:4      | Found an opulent altar of Gozag.
  2665 | D:4      | Reached XP level 6. HP: 38/38 MP: 6/6
  2851 | D:4      | Found a staircase to the Ecumenical Temple.
  2852 | D:4      | 2852 ||| PLANNING TEMPLE
  2852 | D:4      | 2852 ||| UPGRADING to +0 helmet.
  2857 | D:4      | 2857 ||| DROPPING ring of wizardry.
  2866 | Temple   | Entered the Ecumenical Temple
  2867 | Temple   | 2867 ||| PLANNING OKAWARU WORSHIP
  2881 | Temple   | Became a worshipper of Warmaster Okawaru
  2882 | Temple   | 2882 ||| PLANNING D:1-11
  3169 | D:5      | Entered Level 5 of the Dungeon
  3189 | D:5      | 3189 ||| FLEEEEING.
  3190 | D:5      | 3190 ||| FLEEEEING.
  3191 | D:5      | 3191 ||| FLEEEEING.
  3192 | D:5      | 3192 ||| FLEEEEING.
  3193 | D:5      | 3193 ||| STAIRDANCE
  3254 | D:5      | Reached skill level 7 in Ranged Weapons
  3254 | D:5      | 3254 ||| FLEEEEING.
  3255 | D:5      | 3255 ||| FLEEEEING.
  3256 | D:5      | 3256 ||| FLEEEEING.
  3257 | D:5      | 3257 ||| FLEEEEING.
  3258 | D:5      | 3258 ||| FLEEEEING.
  3259 | D:5      | 3259 ||| FLEEEEING.
  3260 | D:5      | 3260 ||| FLEEEEING.
  3261 | D:5      | 3261 ||| FLEEEEING.
  3262 | D:5      | 3262 ||| FLEEEEING.
  3263 | D:5      | 3263 ||| STAIRDANCE
  3351 | D:4      | 3351 ||| UPGRADING to amulet of regeneration.
  3362 | D:5      | HP: 1/38 [ogre/+0 giant spiked club (18)]
  3363 | D:5      | 3363 ||| READING 3 scrolls of teleportation.
  3364 | D:5      | 3364 ||| DRINKING 2 potions of heal wounds.
  3365 | D:5      | 3365 ||| DRINKING potion of heal wounds.
  3401 | D:5      | Found a transporter.
  3401 | D:5      | Noticed qw's ghost (novice GrHu)
  3427 | D:5      | Reached XP level 7. HP: 43/43 MP: 7/7
  3477 | D:5      | 3477 ||| Stepping ~*~*~tactically~*~*~ (retreating).
  3496 | D:5      | Reached * piety under Okawaru
  3497 | D:5      | 3497 ||| INVOKING Heroism.
  3526 | D:5      | Noticed Eustachio
  3532 | D:5      | 3532 ||| Stepping ~*~*~tactically~*~*~ (retreating).
  3533 | D:5      | 3533 ||| Stepping ~*~*~tactically~*~*~ (retreating).
  3534 | D:5      | 3534 ||| Stepping ~*~*~tactically~*~*~ (retreating).
  3535 | D:5      | 3535 ||| Stepping ~*~*~tactically~*~*~ (retreating).
  3551 | D:5      | HP: 9/43 [ice beast (14)]
  3552 | D:5      | 3552 ||| READING 2 scrolls of teleportation.
  3646 | D:5      | Found a transporter.
  3776 | D:5      | Reached skill level 8 in Ranged Weapons
  3798 | D:5      | 3798 ||| Stepping ~*~*~tactically~*~*~ (retreating).
  3819 | D:5      | Killed Eustachio
  3841 | D:5      | Reached XP level 8. HP: 31/50 MP: 8/8
  3916 | D:5      | Reached skill level 1 in Invocations
  4038 | D:5      | Found a runed translucent door.
  4039 | D:5      | Noticed Crazy Yiuf
  4294 | D:5      | 4294 ||| READING scroll labelled LUUCEO WAFREA.
  4295 | D:5      | 4295 ||| READING 2 scrolls of identify.
  4295 | D:5      | 4295 ||| IDENTIFYING blue potion
  4296 | D:5      | 4296 ||| DROPPING potion of attraction.
  4464 | D:6      | Found Fif Vacuav's Antique Armour Emporium.
  4469 | D:6      | 4469 ||| SHOPLISTING +2 hood of the Assassin {Detect Stab+
                  | Stlth++} (1740 gold, have 318).
  4469 | D:6      | 4469 ||| BUYING dyed leather armour (145 gold).
  4469 | D:6      | Bought a dyed leather armour for 145 gold pieces
  4549 | D:6      | 4549 ||| INVOKING Heroism.
  4589 | D:6      | 4589 ||| SWAPPING to +0 arbalest.
  4590 | D:6      | 4590 ||| DROPPING +0 shortbow.
  4684 | D:6      | 4684 ||| INVOKING Heroism.
  4709 | D:6      | 4709 ||| INVOKING Heroism.
  4711 | D:6      | Reached skill level 3 in Invocations
  4740 | D:6      | Noticed Duvessa
  4740 | D:6      | Noticed Dowan
  4741 | D:6      | 4741 ||| INVOKING Heroism.
  4745 | D:6      | Killed Duvessa
  4749 | D:6      | Reached skill level 9 in Ranged Weapons
  4751 | D:6      | Killed Dowan
  4916 | D:6      | 4916 ||| INVOKING Heroism.
  4921 | D:6      | Reached skill level 6 in Fighting
  5068 | D:6      | Reached XP level 9. HP: 55/55 MP: 12/12
  5253 | D:6      | 5253 ||| DROPPING +0 leather armour of poison resistance.
  5254 | D:6      | 5254 ||| UPGRADING to amulet of reflection.
  5264 | D:6      | 5264 ||| DROPPING amulet of regeneration.
  5265 | D:6      | 5265 ||| READING 2 scrolls labelled VUNNAINAIR.
  5266 | D:6      | 5266 ||| READING scroll labelled QEILIRCHULI.
  5367 | D:6      | 5367 ||| READING scroll labelled YDOMEITW FEFE.
  5367 | D:6      | Identified a scroll of acquirement
  5367 | D:6      | 5367 ||| ACQUIRING +1 orcbow of flaming
  5367 | D:6      | Acquired a +1 orcbow of flaming
  5369 | D:6      | 5369 ||| SWAPPING to +1 orcbow of flaming.
  5370 | D:6      | 5370 ||| DROPPING +0 arbalest.
  5371 | D:6      | 5371 ||| DROPPING scroll of vulnerability.
  5531 | D:7      | Noticed Pikel
  5531 | D:7      | 5531 ||| INVOKING Heroism.
  5545 | D:7      | Killed Pikel
  5546 | D:7      | Reached skill level 10 in Ranged Weapons
  5565 | D:7      | 5565 ||| INVOKING Heroism.
  5775 | D:7      | 5775 ||| INVOKING Heroism.
  5779 | D:7      | Reached skill level 3 in Armour
  5850 | D:7      | Found a sparkling altar of Nemelex Xobeh.
  5901 | D:7      | 5901 ||| FLEEEEING.
  5919 | D:7      | 5919 ||| INVOKING Heroism.
  5924 | D:7      | Identified the +7 longbow of the Dwarven Hall {freeze,
                  | Str+3}
  5925 | D:7      | HP: 14/57 [centaur/arrow (14)]
  5926 | D:7      | 5926 ||| READING scroll of teleportation.
  5926 | D:7      | HP: 6/57 [centaur/arrow (1)]
  5927 | D:7      | 5927 ||| DRINKING 4 potions of heal wounds.
  5928 | D:7      | Reached ** piety under Okawaru
  5929 | D:7      | Reached skill level 11 in Ranged Weapons
  6207 | D:7      | 6207 ||| SWAPPING to +7 longbow of the Dwarven Hall
                  | {freeze, Str+3}.
  6208 | D:7      | 6208 ||| DROPPING +1 orcbow of flaming.
  6391 | D:7      | 6391 ||| UPGRADING to ring of protection from fire.
  6392 | D:7      | 6392 ||| READING scroll labelled PYEMMO JUDEUS.
  6393 | D:7      | 6393 ||| READING scroll labelled AMODWEASOW.
  6394 | D:7      | 6394 ||| READING scroll labelled YTUPRU LENGEIL.
  6395 | D:7      | 6395 ||| READING scroll labelled MOFODE XACO.
  6396 | D:7      | 6396 ||| READING 2 scrolls of identify.
  6396 | D:7      | 6396 ||| IDENTIFYING murky coppery potion
  6423 | D:8      | Reached skill level 3 in Dodging
  6439 | D:8      | Noticed a hornet
  6442 | D:8      | Killed a hornet
  6540 | D:8      | 6540 ||| INVOKING Heroism.
  6547 | D:8      | Reached XP level 10. HP: 64/64 MP: 10/13
  6572 | D:8      | 6572 ||| FLEEEEING.
  6576 | D:8      | 6576 ||| STAIRDANCE
  6599 | D:7      | 6599 ||| READING 2 scrolls of identify.
  6599 | D:7      | 6599 ||| IDENTIFYING sedimented white potion
  6673 | D:8      | Found a bloodstained altar of Trog.
  6793 | D:8      | Found a staircase to the Lair.
  6888 | D:8      | 6888 ||| PLANNING LAIR
  6888 | D:8      | 6888 ||| DRINKING 2 bubbling pink potions.
  6925 | Lair:1   | Entered Level 1 of the Lair of Beasts
  6925 | Lair:1   | Noticed a cane toad
  6926 | Lair:1   | 6926 ||| INVOKING Heroism.
  6927 | Lair:1   | 6927 ||| STAIRDANCE
  6945 | Lair:1   | Killed a cane toad
  6946 | Lair:1   | Reached skill level 12 in Ranged Weapons
  6946 | Lair:1   | 6946 ||| STAIRDANCE
  7033 | Lair:1   | Noticed a cane toad
  7034 | Lair:1   | 7034 ||| INVOKING Heroism.
  7039 | Lair:1   | Killed a cane toad
  7170 | Lair:1   | 7170 ||| INVOKING Heroism.
  7172 | Lair:1   | Reached *** piety under Okawaru
  7235 | Lair:1   | 7235 ||| Stepping ~*~*~tactically~*~*~ (retreating).
  7237 | Lair:1   | 7237 ||| Stepping ~*~*~tactically~*~*~ (retreating).
  7238 | Lair:1   | 7238 ||| Stepping ~*~*~tactically~*~*~ (retreating).
  7239 | Lair:1   | 7239 ||| Stepping ~*~*~tactically~*~*~ (retreating).
  7244 | Lair:1   | 7244 ||| INVOKING Heroism.
  7253 | Lair:1   | Reached skill level 13 in Ranged Weapons
  7453 | Lair:1   | 7453 ||| INVOKING Heroism.
  7591 | Lair:1   | Noticed a cane toad
  7592 | Lair:1   | 7592 ||| INVOKING Heroism.
  7595 | Lair:1   | 7595 ||| RETREEAATING.
  7597 | Lair:1   | Killed a cane toad
  7637 | Lair:1   | Noticed a cane toad
  7639 | Lair:1   | 7639 ||| INVOKING Heroism.
  7642 | Lair:1   | Killed a cane toad
  7643 | Lair:1   | Reached skill level 9 in Fighting
  7643 | Lair:1   | Reached XP level 11. HP: 71/71 MP: 11/14
  7935 | Lair:1   | 7935 ||| UPGRADING to ring of protection from fire.
  7936 | Lair:1   | 7936 ||| READING scroll labelled UPPUICAOGA.
  7946 | Lair:2   | Found a staircase to the Snake Pit.
  7974 | Lair:2   | 7974 ||| INVOKING Heroism.
  7976 | Lair:2   | 7976 ||| RETREEAATING.
  7977 | Lair:2   | 7977 ||| STILL RETREEAATING.
  7978 | Lair:2   | 7978 ||| STILL RETREEAATING.
  7980 | Lair:2   | 7980 ||| STILL RETREEAATING.
  7982 | Lair:2   | 7982 ||| STILL RETREEAATING.
  8254 | Lair:2   | 8254 ||| INVOKING Heroism.
  8271 | Lair:2   | 8271 ||| INVOKING Heroism.
  8510 | Lair:2   | 8510 ||| READING 2 scrolls of identify.
  8510 | Lair:2   | 8510 ||| IDENTIFYING purple potion
  8526 | Lair:3   | 8526 ||| RETREEAATING.
  8527 | Lair:3   | 8527 ||| STILL RETREEAATING.
  8528 | Lair:3   | 8528 ||| Stepping ~*~*~tactically~*~*~ (retreating).
  8530 | Lair:3   | 8530 ||| Stepping ~*~*~tactically~*~*~ (retreating).
  8531 | Lair:3   | 8531 ||| Stepping ~*~*~tactically~*~*~ (retreating).
  8532 | Lair:3   | 8532 ||| Stepping ~*~*~tactically~*~*~ (retreating).
  8538 | Lair:3   | Reached skill level 14 in Ranged Weapons
  8543 | Lair:3   | Reached **** piety under Okawaru
  8568 | Lair:3   | 8568 ||| INVOKING Heroism.
  8802 | Lair:3   | 8802 ||| INVOKING Heroism.
  8841 | Lair:3   | 8841 ||| INVOKING Heroism.
  8923 | Lair:3   | Noticed a necromancer
  8928 | Lair:3   | Killed a necromancer
  8933 | Lair:3   | 8933 ||| INVOKING Heroism.
  8935 | Lair:3   | Reached skill level 6 in Invocations
  9019 | Lair:3   | 9019 ||| Stepping ~*~*~tactically~*~*~ (retreating).
  9020 | Lair:3   | 9020 ||| Stepping ~*~*~tactically~*~*~ (retreating).
  9021 | Lair:3   | 9021 ||| Stepping ~*~*~tactically~*~*~ (retreating).
  9026 | Lair:3   | 9026 ||| INVOKING Heroism.
  9163 | Lair:3   | Noticed a spectral death yak
  9164 | Lair:3   | 9164 ||| RETREEAATING.
  9166 | Lair:3   | 9166 ||| Stepping ~*~*~tactically~*~*~ (retreating).
  9168 | Lair:3   | 9168 ||| Stepping ~*~*~tactically~*~*~ (retreating).
  9169 | Lair:3   | 9169 ||| Stepping ~*~*~tactically~*~*~ (retreating).
  9176 | Lair:3   | 9176 ||| INVOKING Heroism.
  9186 | Lair:3   | Killed a spectral death yak
  9363 | Lair:3   | 9363 ||| INVOKING Heroism.
  9365 | Lair:3   | Reached XP level 12. HP: 77/77 MP: 13/17
  9440 | Lair:3   | 9440 ||| RETREEAATING.
  9441 | Lair:3   | 9441 ||| STILL RETREEAATING.
  9448 | Lair:3   | 9448 ||| STILL RETREEAATING.
  9449 | Lair:3   | 9449 ||| STILL RETREEAATING.
  9450 | Lair:3   | 9450 ||| Stepping ~*~*~tactically~*~*~ (retreating).
  9451 | Lair:3   | 9451 ||| Stepping ~*~*~tactically~*~*~ (retreating).
  9452 | Lair:3   | 9452 ||| Stepping ~*~*~tactically~*~*~ (retreating).
  9453 | Lair:3   | 9453 ||| Stepping ~*~*~tactically~*~*~ (retreating).
  9454 | Lair:3   | 9454 ||| Stepping ~*~*~tactically~*~*~ (retreating).
  9455 | Lair:3   | 9455 ||| Stepping ~*~*~tactically~*~*~ (retreating).
  9471 | Lair:3   | 9471 ||| INVOKING Heroism.
  9614 | Lair:3   | 9614 ||| INVOKING Heroism.
  9640 | Lair:3   | 9640 ||| INVOKING Heroism.
  9734 | Lair:3   | 9734 ||| INVOKING Heroism.
  9740 | Lair:3   | Reached skill level 15 in Ranged Weapons
  9749 | Lair:3   | Found a staircase to the Swamp.
  9749 | Lair:3   | Noticed a ghost crab
  9752 | Lair:3   | Killed a ghost crab
  9935 | Lair:3   | 9935 ||| UPGRADING to amulet of faith.
  9945 | Lair:3   | 9945 ||| READING scroll labelled WICUT VYOTY.
 10153 | Lair:4   | 10153 ||| RETREEAATING.
 10155 | Lair:4   | 10155 ||| INVOKING Heroism.
 10161 | Lair:4   | 10161 ||| RETREEAATING.
 10750 | Lair:4   | Noticed a five-headed hydra
 10751 | Lair:4   | 10751 ||| Stepping ~*~*~tactically~*~*~ (retreating).
 10752 | Lair:4   | 10752 ||| INVOKING Heroism.
 10753 | Lair:4   | 10753 ||| Stepping ~*~*~tactically~*~*~ (retreating).
 10760 | Lair:4   | Killed a five-headed hydra
 10820 | Lair:4   | 10820 ||| FLEEEEING.
 10821 | Lair:4   | 10821 ||| FLEEEEING.
 10822 | Lair:4   | 10822 ||| FLEEEEING.
 10823 | Lair:4   | 10823 ||| FLEEEEING.
 10824 | Lair:4   | 10824 ||| FLEEEEING.
 10825 | Lair:4   | 10825 ||| FLEEEEING.
 10826 | Lair:4   | 10826 ||| INVOKING Heroism.
 10872 | Lair:4   | Noticed a skyshark
 10878 | Lair:4   | Killed a skyshark
 10879 | Lair:4   | Reached skill level 9 in Invocations
 10923 | Lair:4   | Reached ***** piety under Okawaru
 10958 | Lair:4   | 10958 ||| INVOKING Heroism.
 10970 | Lair:4   | Noticed a boulder beetle
 10971 | Lair:4   | 10971 ||| INVOKING Finesse.
 10974 | Lair:4   | Noticed a boulder beetle
 10977 | Lair:4   | Killed a boulder beetle
 10987 | Lair:4   | Killed a boulder beetle
 10987 | Lair:4   | Received a gift from Okawaru
 11143 | Lair:4   | 11143 ||| DROPPING ring of magical power.
 11144 | Lair:4   | 11144 ||| DRINKING 2 metallic inky potions.
 11180 | Lair:4   | 11180 ||| READING 4 scrolls of identify.
 11180 | Lair:4   | 11180 ||| IDENTIFYING black potion
 11181 | Lair:4   | 11181 ||| DROPPING potion of ambrosia.
 11182 | Lair:4   | 11182 ||| DROPPING potion of lignification.
 11204 | Lair:5   | Entered Level 5 of the Lair of Beasts
 11204 | Lair:5   | Noticed a death yak
 11204 | Lair:5   | Noticed a death yak
 11204 | Lair:5   | Noticed a death yak
 11204 | Lair:5   | Noticed a death yak
 11204 | Lair:5   | Noticed a death yak
 11205 | Lair:5   | 11205 ||| RETREEAATING.
 11206 | Lair:5   | 11206 ||| STILL RETREEAATING.
 11207 | Lair:5   | 11207 ||| RETREEAATING.
 11208 | Lair:5   | 11208 ||| Stepping ~*~*~tactically~*~*~ (retreating).
 11209 | Lair:5   | 11209 ||| Stepping ~*~*~tactically~*~*~ (retreating).
 11210 | Lair:5   | 11210 ||| Stepping ~*~*~tactically~*~*~ (retreating).
 11211 | Lair:5   | 11211 ||| Stepping ~*~*~tactically~*~*~ (retreating).
 11212 | Lair:5   | 11212 ||| INVOKING Heroism.
 11213 | Lair:5   | 11213 ||| INVOKING Finesse.
 11221 | Lair:5   | Killed a death yak
 11222 | Lair:5   | Reached skill level 16 in Ranged Weapons
 11228 | Lair:5   | Reached XP level 13. HP: 81/82 MP: 13/20
 11255 | Lair:5   | Received a gift from Okawaru
 11423 | Lair:5   | 11423 ||| INVOKING Heroism.
 11424 | Lair:5   | 11424 ||| INVOKING Finesse.
 11442 | Lair:5   | Noticed Josephine
 11447 | Lair:5   | Killed Josephine
 11471 | Lair:5   | 11471 ||| INVOKING Heroism.
 11680 | Lair:5   | 11680 ||| INVOKING Heroism.
 11733 | Lair:5   | 11733 ||| RETREEAATING.
 11734 | Lair:5   | 11734 ||| INVOKING Heroism.
 11736 | Lair:5   | 11736 ||| STILL RETREEAATING.
 11750 | Lair:5   | Reached skill level 17 in Ranged Weapons
 11786 | Lair:5   | 11786 ||| FLEEEEING.
 11788 | Lair:5   | 11788 ||| FLEEEEING.
 11789 | Lair:5   | 11789 ||| FLEEEEING.
 11793 | Lair:5   | 11793 ||| FLEEEEING.
 11794 | Lair:5   | 11794 ||| STAIRDANCE
 11930 | Lair:4   | 11930 ||| UPGRADING to ring of protection from cold.
 11984 | Lair:5   | 11984 ||| RETREEAATING.
 11985 | Lair:5   | 11985 ||| STILL RETREEAATING.
 11986 | Lair:5   | 11986 ||| STILL RETREEAATING.
 11987 | Lair:5   | 11987 ||| INVOKING Heroism.
 12016 | Lair:5   | Reached skill level 6 in Armour
 12068 | Lair:5   | 12068 ||| INVOKING Heroism.
 12190 | Lair:5   | Noticed a fire dragon
 12201 | Lair:5   | 12201 ||| RETREEAATING.
 12202 | Lair:5   | 12202 ||| INVOKING Heroism.
 12296 | Lair:5   | Found a large runed translucent door.
 12297 | Lair:5   | Found a large runed translucent door.
 12427 | Lair:5   | Received a gift from Okawaru
 12481 | Lair:5   | 12481 ||| INVOKING Heroism.
 12573 | Lair:5   | Found a viscous altar of Jiyva.
 12575 | Lair:5   | Found a staircase to the Slime Pits.
 12865 | Lair:5   | 12865 ||| PLANNING D:1-11
 13031 | D:9      | 13031 ||| DRINKING 4 potions of curing.
 13031 | D:9      | 13031 ||| (to cure confusion)
 13032 | D:9      | 13032 ||| Stepping ~*~*~tactically~*~*~ (retreating).
 13140 | D:9      | Noticed Joseph
 13146 | D:9      | Killed Joseph
 13194 | D:9      | Noticed Prince Ribbit
 13196 | D:9      | Killed Prince Ribbit
 13202 | D:9      | Reached skill level 18 in Ranged Weapons
 13284 | D:9      | 13284 ||| RETREEAATING.
 13295 | D:9      | Gained mutation: Your large and strong wings let you fly.
                  | [Gargoyle growth]
 13295 | D:9      | Reached XP level 14. HP: 85/90 MP: 21/21
 13329 | D:9      | Received a gift from Okawaru
 13522 | D:9      | 13522 ||| UPGRADING to +0 pair of gloves.
 13527 | D:9      | 13527 ||| DRINKING 2 murky purple potions.
 13528 | D:9      | 13528 ||| DROPPING potion of invisibility.
 13558 | D:10     | Entered Level 10 of the Dungeon
 13565 | D:10     | 13565 ||| Stepping ~*~*~tactically~*~*~ (retreating).
 13566 | D:10     | 13566 ||| Stepping ~*~*~tactically~*~*~ (retreating).
 13567 | D:10     | 13567 ||| STAIRDANCE
 13595 | D:10     | 13595 ||| STAIRDANCE
 13602 | D:10     | 13602 ||| STAIRDANCE
 13616 | D:10     | 13616 ||| STAIRDANCE
 13632 | D:10     | Noticed Amaemon
 13638 | D:10     | 13638 ||| STAIRDANCE
 13648 | D:9      | Killed Amaemon
 13679 | D:10     | 13679 ||| STAIRDANCE
 13683 | D:9      | Reached skill level 12 in Fighting
 13693 | D:10     | 13693 ||| STAIRDANCE
 13981 | D:10     | Found Evet's Weapon Emporium.
 14080 | D:10     | Received a gift from Okawaru
 14421 | D:10     | Noticed Nergalle
 14424 | D:10     | Killed Nergalle
 14515 | D:10     | 14515 ||| DROPPING amulet of guardian spirit.
 14560 | D:11     | 14560 ||| STAIRDANCE
 14725 | D:11     | Reached skill level 6 in Dodging
 14727 | D:11     | Found a transporter.
 14728 | D:11     | Noticed qw's ghost (journeyman GrHu)
 14729 | D:11     | Noticed a storm dragon
 14732 | D:11     | Found a transporter.
 14815 | D:11     | 14815 ||| INVOKING Heroism.
 14816 | D:11     | 14816 ||| INVOKING Finesse.
 15169 | D:11     | 15169 ||| RETREEAATING.
 15170 | D:11     | 15170 ||| STILL RETREEAATING.
 15173 | D:11     | 15173 ||| Stepping ~*~*~tactically~*~*~ (retreating).
 15176 | D:11     | 15176 ||| INVOKING Heroism.
 15435 | D:11     | 15435 ||| PLANNING D
 15435 | D:11     | 15435 ||| DROPPING amulet of the acrobat.
 15441 | D:12     | 15441 ||| PLANNING GAUNTLET
 15477 | D:12     | 15477 ||| INVOKING Heroism.
 15492 | D:12     | Found a staircase to the Orcish Mines.
 15494 | D:12     | Found Boizaupp's Weapon Boutique.
 15532 | D:12     | 15532 ||| RETREEAATING.
 15535 | D:12     | 15535 ||| STILL RETREEAATING.
 15536 | D:12     | 15536 ||| STILL RETREEAATING.
 15537 | D:12     | 15537 ||| STILL RETREEAATING.
 15538 | D:12     | 15538 ||| RETREEAATING.
 15539 | D:12     | 15539 ||| Stepping ~*~*~tactically~*~*~ (retreating).
 15546 | D:12     | 15546 ||| INVOKING Heroism.
 15551 | D:12     | HP: 22/92 [yak (3)]
 15552 | D:12     | 15552 ||| READING 4 scrolls of teleportation.
 15553 | D:12     | 15553 ||| DRINKING 4 potions of heal wounds.
 15693 | D:12     | 15693 ||| INVOKING Heroism.
 15881 | D:12     | Noticed Gastronok
 15891 | D:12     | Killed Gastronok
 15940 | D:12     | 15940 ||| RIP GAUNTLET
 16028 | D:12     | 16028 ||| PLANNING D
 16055 | D:12     | Received a gift from Okawaru
 16221 | D:12     | 16221 ||| RETREEAATING.
 16223 | D:12     | 16223 ||| INVOKING Heroism.
 16230 | D:12     | 16230 ||| Stepping ~*~*~tactically~*~*~ (retreating).
 16231 | D:12     | 16231 ||| Stepping ~*~*~tactically~*~*~ (retreating).
 16232 | D:12     | 16232 ||| Stepping ~*~*~tactically~*~*~ (retreating).
 16357 | D:12     | Noticed Maurice
 16362 | D:12     | Killed Maurice
 16541 | D:12     | 16541 ||| UPGRADING to +0 acid dragon scales.
 16551 | D:12     | 16551 ||| DROPPING +0 ring mail.
 16552 | D:12     | 16552 ||| UPGRADING to +0 troll leather armour.
 16562 | D:12     | 16562 ||| DROPPING +0 acid dragon scales.
 16563 | D:12     | 16563 ||| UPGRADING to +0 cloak.
 16633 | D:13     | Noticed Erolcha
 16634 | D:13     | 16634 ||| INVOKING Heroism.
 16635 | D:13     | 16635 ||| INVOKING Finesse.
 16642 | D:13     | Killed Erolcha
 16643 | D:13     | Reached skill level 19 in Ranged Weapons
 16695 | D:13     | 16695 ||| Stepping ~*~*~tactically~*~*~ (retreating).
 16696 | D:13     | 16696 ||| RETREEAATING.
 16698 | D:13     | 16698 ||| Stepping ~*~*~tactically~*~*~ (retreating).
 16704 | D:13     | 16704 ||| Stepping ~*~*~tactically~*~*~ (retreating).
 16705 | D:13     | 16705 ||| Stepping ~*~*~tactically~*~*~ (retreating).
 16713 | D:13     | 16713 ||| INVOKING Heroism.
 16741 | D:13     | Noticed an ironbound thunderhulk
 16751 | D:13     | Killed an ironbound thunderhulk
 16789 | D:13     | Found a gate to the Vaults.
 16860 | D:13     | 16860 ||| INVOKING Heroism.
 17020 | D:13     | 17020 ||| INVOKING Heroism.
 17021 | D:13     | 17021 ||| INVOKING Finesse.
 17178 | D:13     | 17178 ||| DROPPING scarf of shadows.
 17179 | D:13     | 17179 ||| READING scroll labelled MUIKHE ESS.
 17270 | D:14     | Identified the +6 dagger of Doors {venom, rF+ rC+}
 17284 | D:14     | 17284 ||| INVOKING Heroism.
 17291 | D:14     | Reached XP level 15. HP: 97/98 MP: 20/22
 17295 | D:14     | Received a gift from Okawaru
 17400 | D:14     | 17400 ||| RETREEAATING.
 17403 | D:14     | 17403 ||| Stepping ~*~*~tactically~*~*~ (retreating).
 17664 | D:14     | 17664 ||| RETREEAATING.
 17666 | D:14     | 17666 ||| RETREEAATING.
 17671 | D:14     | 17671 ||| INVOKING Heroism.
 17672 | D:14     | 17672 ||| READING 5 scrolls of teleportation.
 17762 | D:14     | 17762 ||| RETREEAATING.
 17945 | D:15     | Entered Level 15 of the Dungeon
 18063 | D:15     | Received a gift from Okawaru
 18081 | D:15     | 18081 ||| FLEEEEING.
 18082 | D:15     | 18082 ||| FLEEEEING.
 18085 | D:15     | 18085 ||| FLEEEEING.
 18086 | D:15     | 18086 ||| FLEEEEING.
 18095 | D:15     | Reached skill level 20 in Ranged Weapons
 18133 | D:15     | Found a frozen archway.
 18245 | D:15     | 18245 ||| Stepping ~*~*~tactically~*~*~ (retreating).
 18250 | D:15     | 18250 ||| INVOKING Heroism.
 18291 | D:15     | 18291 ||| RETREEAATING.
 18298 | D:15     | 18298 ||| Stepping ~*~*~tactically~*~*~ (retreating).
 18305 | D:15     | 18305 ||| Stepping ~*~*~tactically~*~*~ (retreating).
 18306 | D:15     | 18306 ||| Stepping ~*~*~tactically~*~*~ (retreating).
 18307 | D:15     | 18307 ||| Stepping ~*~*~tactically~*~*~ (retreating).
 18308 | D:15     | 18308 ||| Stepping ~*~*~tactically~*~*~ (retreating).
 18309 | D:15     | 18309 ||| INVOKING Heroism.
 18467 | D:15     | 18467 ||| Stepping ~*~*~tactically~*~*~ (retreating).
 18470 | D:15     | 18470 ||| Stepping ~*~*~tactically~*~*~ (retreating).
 18475 | D:15     | 18475 ||| Stepping ~*~*~tactically~*~*~ (retreating).
 18478 | D:15     | 18478 ||| Stepping ~*~*~tactically~*~*~ (retreating).
 18479 | D:15     | 18479 ||| RETREEAATING.
 18488 | D:15     | 18488 ||| Stepping ~*~*~tactically~*~*~ (retreating).
 18491 | D:15     | 18491 ||| Stepping ~*~*~tactically~*~*~ (retreating).
 18492 | D:15     | 18492 ||| Stepping ~*~*~tactically~*~*~ (retreating).
 18493 | D:15     | 18493 ||| Stepping ~*~*~tactically~*~*~ (retreating).
 18497 | D:15     | 18497 ||| Stepping ~*~*~tactically~*~*~ (retreating).
 18528 | D:15     | Reached ****** piety under Okawaru
 18535 | D:15     | Received a gift from Okawaru
 18538 | D:15     | 18538 ||| INVOKING Receive Weapon.
 18538 | D:15     | 18538 ||| ACQUIRING +6 triple crossbow of draining
 18538 | D:15     | Acquired a +6 triple crossbow of draining
 18538 | D:15     | Received a gift from Okawaru
 18539 | D:15     | 18539 ||| INVOKING Receive Armour.
 18539 | D:15     | 18539 ||| ACQUIRING scarf of Okawaru's Hope {repulsion,
                  | rElec rF+++ Int+4 Stlth-}
 18539 | D:15     | Acquired the scarf of Okawaru's Hope {repulsion, rElec
                  | rF+++ Int+4 Stlth-}
 18539 | D:15     | Received a gift from Okawaru
 18561 | D:15     | 18561 ||| SWAPPING to +6 triple crossbow of draining.
 18562 | D:15     | 18562 ||| DROPPING +7 longbow of the Dwarven Hall {freeze,
                  | Str+3}.
 18563 | D:15     | 18563 ||| READING 3 scrolls of enchant weapon.
 18563 | D:15     | 18563 ||| ENCHANTING +6 triple crossbow of draining.
 18564 | D:15     | 18564 ||| READING 2 scrolls of enchant weapon.
 18564 | D:15     | 18564 ||| ENCHANTING +7 triple crossbow of draining.
 18565 | D:15     | 18565 ||| READING scroll of enchant weapon.
 18565 | D:15     | 18565 ||| ENCHANTING +8 triple crossbow of draining.
 18579 | D:15     | Found a staircase to the Depths.
 18883 | D:15     | 18883 ||| PLANNING ORC
 18883 | D:15     | 18883 ||| UPGRADING to scarf of Okawaru's Hope {repulsion,
                  | rElec rF+++ Int+4 Stlth-}.
 18893 | D:15     | 18893 ||| REMOVING ring of protection from fire.
 18894 | D:15     | 18894 ||| UPGRADING to ring of positive energy.
 18972 | Orc:1    | Entered Level 1 of the Orcish Mines
 19044 | Orc:2    | Entered Level 2 of the Orcish Mines
 19050 | Orc:2    | 19050 ||| STAIRDANCE
 19057 | Orc:2    | 19057 ||| STAIRDANCE
 19066 | Orc:2    | 19066 ||| STAIRDANCE
 19079 | Orc:2    | 19079 ||| INVOKING Heroism.
 19080 | Orc:2    | 19080 ||| STAIRDANCE
 19092 | Orc:2    | 19092 ||| STAIRDANCE
 19137 | Orc:1    | 19137 ||| INVOKING Heroism.
 19604 | Orc:2    | Found a staircase to the Elven Halls.
 19653 | Orc:2    | 19653 ||| RETREEAATING.
 19654 | Orc:2    | 19654 ||| STILL RETREEAATING.
 19655 | Orc:2    | 19655 ||| STILL RETREEAATING.
 19655 | Orc:2    | Found Lodgh's Antique Weapon Shop.
 19655 | Orc:2    | Found Arghuf's Armour Emporium.
 19655 | Orc:2    | Found Tokuhes's Antique Armour Emporium.
 19655 | Orc:2    | Found Foliq's Antique Armour Boutique.
 19656 | Orc:2    | 19656 ||| STILL RETREEAATING.
 19657 | Orc:2    | 19657 ||| INVOKING Heroism.
 19663 | Orc:2    | Received a gift from Okawaru
 19664 | Orc:2    | HP: 20/100 [two-headed ogre/+0 giant club (7)]
 19665 | Orc:2    | 19665 ||| READING 6 scrolls of teleportation.
 19666 | Orc:2    | 19666 ||| DRINKING 3 potions of heal wounds.
 19668 | Orc:2    | 19668 ||| DRINKING 2 potions of heal wounds.
 19668 | Orc:2    | HP: 9/100 [two-headed ogre/+0 giant club (18)]
 19669 | Orc:2    | 19669 ||| DRINKING potion of heal wounds.
 19687 | Orc:2    | 19687 ||| RETREEAATING.
 19690 | Orc:2    | 19690 ||| STILL RETREEAATING.
 19692 | Orc:2    | 19692 ||| STILL RETREEAATING.
 19693 | Orc:2    | 19693 ||| STILL RETREEAATING.
 19694 | Orc:2    | 19694 ||| STILL RETREEAATING.
 19695 | Orc:2    | 19695 ||| STILL RETREEAATING.
 19696 | Orc:2    | 19696 ||| STILL RETREEAATING.
 19697 | Orc:2    | 19697 ||| STILL RETREEAATING.
 19698 | Orc:2    | 19698 ||| STILL RETREEAATING.
 19699 | Orc:2    | 19699 ||| STILL RETREEAATING.
 19700 | Orc:2    | 19700 ||| STILL RETREEAATING.
 19702 | Orc:2    | 19702 ||| STILL RETREEAATING.
 19711 | Orc:2    | 19711 ||| Stepping ~*~*~tactically~*~*~ (retreating).
 19712 | Orc:2    | 19712 ||| Stepping ~*~*~tactically~*~*~ (retreating).
 19713 | Orc:2    | 19713 ||| Stepping ~*~*~tactically~*~*~ (retreating).
 19715 | Orc:2    | 19715 ||| Stepping ~*~*~tactically~*~*~ (retreating).
 19716 | Orc:2    | HP: 24/100 [ogre/+0 giant club (10)]
 19717 | Orc:2    | 19717 ||| READING 5 scrolls of teleportation.
 19717 | Orc:2    | HP: 11/100 [ogre mage/+0 spear (10)]
 19719 | Orc:2    | Slain by a two-headed ogre

Levels and vault maps discovered:
D:1:      dpeg_arrival_prison, layout_basic, serial_shops,
          nicolae_shop_just_a_little_nook, nicolae_diamond_shop,
          nicolae_diamond_shop, nicolae_shop_overgrown_old_shop
D:2:      kennysheep_big_flooded_room, layout_rooms,
          hellmonk_ecumenical_altar_lost_god, nicolae_wormholes
D:3:      layout_loops_corners, xom_butterflies, hangedman_decor_diamond_cutter
D:4:      minmay_chambers_of_twos, layout_loops_ring, general_overflow_altar,
          temple_hall, serial_glass, glass_columns_a, glass_columns_a,
          feat_on_display, item_on_display_a
D:5:      minmay_recursive_quarters, layout_basic, gammafunk_ghost_stat_death,
          uniq_eustachio, uniq_crazy_yiuf_cottage
D:6:      layout_cave_pods, serial_shops, kennysheep_little_box, uniq_duvessa
D:7:      minmay_blocky_corners, layout_loops_ring, nemelex_dance_club_becter,
          uniq_pikel
D:8:      layout_basic, trog_hazing_becter, lair_entry_dummy
D:9:      layout_roguey, hangedman_abyss_or_decor_passed, uniq_prince_ribbit1,
          uniq_joseph
D:10:     layout_cave_pools, serial_gnoll_camp, gnoll_camp_mini_hut,
          gnoll_camp_mini_shop, gnoll_camp_mini_basic, gnoll_camp_mini_sergeant,
          gnoll_camp_medium_01, gnoll_camp_mini_loothouse, uniq_amaemon,
          uniq_nergalle
D:11:     layout_irregular_city, gammafunk_ghost_arena,
          nicolae_looking_at_the_future
D:12:     layout_irregular_city, orc_david_3, gauntlet_entry_generic,
          uniq_maurice, uniq_gastronok
D:13:     layout_rooms, hellmonk_vaults_keyhole, uniq_erolcha
D:14:     layout_long_grid, fountainhead, kb_rosetta
D:15:     gammafunk_enter_depths_forms, layout_basic, serial_park_fountain,
          portal_ice_cave_entry_pillars_four, corexii_checkpoint_b
Temple:   eino_narrow_crystal_temple
Lair:1:   layout_regular_city, wad_woods_01
Lair:2:   layout_hall_layers, minmay_snake_entry_spellcaster
Lair:3:   layout_chaotic_city, nicolae_swamp_entry_spooky,
          chequers_serial_rivers_room_a, eino_house_with_fridge,
          serial_bayou_shore_a, serial_bayou_shore_b
Lair:4:   nzn_winding_woodlands_three_and_one
          [nzn_winding_woodlands_5x15_garden,
          nzn_winding_woodlands_5x15_sawtooth,
          nzn_winding_woodlands_5x15_default,
          nzn_winding_woodlands_center_garden], layout_layer_cave
Lair:5:   cheibrodos_lair_end_hotspot, layout_concentric_octagons,
          dpeg_slime_entry_corner, dpeg_oklob_1, uniq_josephine
Orc:1:    layout_diamond_mine, basic_altar
Orc:2:    st_orc_ogre_mass, layout_diamond_mine, basic_altar, serial_shops,
          shop, nicolae_volcano_entry_vermiform

Skill      XL: |  1  2  3  4  5  6  7  8  9 10 11 12 13 14 15 |
---------------+----------------------------------------------+-----
Armour         | 1 2 3 4 5 6 7 |  7.0
Ranged Weapons | 5 6 7 8 9 11 13 14 16 18 19 20 | 20.6
Fighting       | 3 4 5 6 7 9 10 11 13 14 | 14.0
Dodging        | 2 3 4 5 7 8 |  8.0
Invocations    | 4 6 10 | 10.0
Stealth        | |  1.1

Action                     |  1- 3 |  4- 6 |  7- 9 | 10-12 | 13-15 || total
---------------------------+-------+-------+-------+-------+-------++-------
   Fire: Shortbow          |   119 |   229 |   162 |       |       ||   510
         Arbalest          |       |       |    48 |       |       ||    48
         Orcbow            |       |       |    75 |       |       ||    75
         Longbow           |       |       |     7 |   402 |   991 ||  1400
         Triple crossbow   |       |       |       |       |   150 ||   150
 Invoke: Heroism           |       |       |    11 |    26 |    25 ||    62
         Finesse           |       |       |       |     2 |     4 ||     6
         Receive Weapon    |       |       |       |       |     1 ||     1
         Receive Armour    |       |       |       |       |     1 ||     1
    Use: Scroll            |     5 |     6 |    12 |     5 |     8 ||    36
         Potion            |     1 |     2 |     1 |     2 |     6 ||    12
 Armour: Leather armour    |    13 |       |       |       |       ||    13
         Ring mail         |    33 |    72 |   203 |   115 |   161 ||   584
         Troll leather arm |       |       |       |       |   173 ||   173
  Dodge: Dodged            |    39 |    76 |   137 |    86 |   363 ||   701
         Repelled          |       |       |       |       |     1 ||     1
  Block: Other             |       |       |    11 |    22 |       ||    33
         Reflection        |       |       |       |     1 |       ||     1

Table legend:
 A = Non-vault XP
 B = Vault XP
 C = Vault XP percentage of total XP
 D = Non-vault monster count
 E = Vault monster count
 F = Vault count percentage of total count
                 A         B        C        D         E       F
            +---------+---------+-------+---------+---------+-------
      Total |   76336 |   51918 |  40.5 |     444 |     200 |  31.1
            +---------+---------+-------+---------+---------+-------
        D:1 |      27 |       5 |  15.6 |      17 |       3 |  15.0
        D:2 |      68 |       8 |  10.5 |      19 |       3 |  13.6
        D:3 |      51 |       0 |   0.0 |      19 |       0 |   0.0
        D:4 |     160 |      24 |  13.0 |      20 |       9 |  31.0
        D:5 |     338 |     802 |  70.4 |      15 |       7 |  31.8
        D:6 |     731 |     221 |  23.2 |      13 |       2 |  13.3
        D:7 |     359 |    1461 |  80.3 |       8 |       8 |  50.0
        D:8 |    1372 |      10 |   0.7 |      26 |       6 |  18.8
        D:9 |    5251 |    1945 |  27.0 |      46 |       4 |   8.0
       D:10 |    3429 |    1528 |  30.8 |      22 |      29 |  56.9
       D:11 |    3712 |     984 |  21.0 |      17 |      12 |  41.4
       D:12 |    5014 |    2658 |  34.6 |      26 |       6 |  18.8
       D:13 |    5180 |    4585 |  47.0 |      13 |       9 |  40.9
       D:14 |   12109 |    1788 |  12.9 |      27 |       4 |  12.9
       D:15 |   12176 |    5353 |  30.5 |      27 |      12 |  30.8
     Lair:1 |    2898 |    1295 |  30.9 |      10 |       6 |  37.5
     Lair:2 |    2382 |     506 |  17.5 |      10 |       1 |   9.1
     Lair:3 |    6595 |    3547 |  35.0 |      22 |      17 |  43.6
     Lair:4 |    1699 |    6470 |  79.2 |       7 |      17 |  70.8
     Lair:5 |    8477 |   10840 |  56.1 |      23 |      32 |  58.2
      Orc:1 |    2697 |       0 |   0.0 |      29 |       0 |   0.0
      Orc:2 |    1611 |    7888 |  83.0 |      28 |      13 |  31.7
            +---------+---------+-------+---------+---------+-------
